AoeStats
← subutai

Arabian Desert

508961429Analyzed
1v1 RM · 7d ago on Sep 24, 2026· 38m 6s· 2 players
Game mode
Random Map
Map size
Tiny (2 player)
Population
200
Speed
Normal
Resources
Standard
Victory
Conquest
Starting age
Dark Age
Ending age
Imperial Age
RankedLock teamsTeams togetherTeam positionsShared explorationLock speedFull tech treeHidden civsTurbo modeCheats
Victory
Defeat
🇺🇸 Varangians · United States
1085
+18
🇨🇳 Varangians · China
1125
-18
subutai
7:34 Loom
11:04 Feudal Age
12:51 Man-at-Arms
16:13 Arson
17:13 Double-Bit Axe
18:09 Forging
23:53 Castle Age
23:21 Scale Mail Armor
25:02 Bow Saw
26:34 Fletching
34:51 Bloodlines
35:17 Scale Barding Armor
36:50 Iron Casting
36:04 Horse Collar
37:08 Town Watch
39:19 Wheelbarrow
TKDanis
2:36 Loom
8:36 Loom
12:35 Feudal Age
16:22 Double-Bit Axe
20:36 Castle Age
36:05 Forging
36:00 Scale Barding Armor
Connection lost

Rejoining the realm…

Still unreachable

The connection could not be restored.

Session expired

The server has moved on; the page needs a fresh start.